 Dungeon Sprint DCSS version 0.17-a0-2220-g6fea741 (webtiles) character file.

9587 Kidiri the Unseen (level 11, -4/56 HPs)
             Began as a Spriggan Enchanter on Oct 28, 2015.
             Was the Champion of Dithmenos.
             Slain by a spriggan druid
             ... wielding a +0 quarterstaff
              (17 damage)
             ... while paralysed by a spriggan
             ... in the Dungeon (Sprint III: "The Ten Rune Challenge").
             The game lasted 00:10:13 (2218 turns).

Kidiri the Unseen (Spriggan Enchanter)              Turns: 2218, Time: 00:10:13

Health: -4/56      AC:  5    Str:  4    XL:     11   Next: 25%
Magic:  23/28      EV:  4    Int: 19    God:    Dithmenos [******]
Gold:   16         SH:  0    Dex: 18    Spells: 8 memorised, 10 levels left

rFire  . . .     SeeInvis +     c - +0 dagger (holy)
rCold  . . .     Clarity  +     b - +1 robe
rNeg   . . .     SustAt   .     (shield restricted)
rPois  .         Gourm    .     (helmet restricted)
rElec  .         Spirit   .     o - +0 cloak
rCorr  .         Warding  .     (gloves unavailable)
rMut   .         NoTele   +     (boots unavailable)
MR     +....                    (no amulet)
Stlth  ++++++++++               (no ring)
                                (no ring)

@: paralysed, wreathed by umbra, very quick, somewhat resistant to hostile
enchantments, uncannily stealthy
A: unfitting armour, molten scales 1, see invisible, breathe flames 1, clarity,
herbivore 3, speed 3, slow metabolism 2, evolution 1
a: Shadow Step, Shadow Form, Renounce Religion, Breathe Fire


You were in the Dungeon.
You worshipped Dithmenos.
Dithmenos was exalted by your worship.
You were not hungry.

You visited 1 branch You collected 16 gold pieces.

Inventory:

Hand Weapons
 c - a +0 dagger of holy wrath (weapon)
 k - a +0 dagger of freezing
Missiles
 a - 10 throwing nets (quivered)
Armour
 b - a +1 robe (worn)
 o - a +0 cloak (worn)
Wands
 m - a wand of slowing (37)
Scrolls
 j - a scroll of blinking
 v - 2 scrolls of holy word {unknown}
 w - a scroll of remove curse
Potions
 e - 2 potions of curing
 f - a potion of heal wounds
 g - a potion of haste
 h - 2 potions of magic
 i - 2 potions of berserk rage
 l - a potion of might
 t - 2 potions of cure mutation
 u - 4 potions of flight
 x - a potion of invisibility
Comestibles
 d - a bread ration
 s - 28 royal jellies


   Skills:
 + Level 5.9 Fighting
 * Level 11.2 Short Blades
 + Level 5.6 Armour
 * Level 14.3 Dodging
 * Level 15.4 Stealth
 * Level 12.3 Spellcasting
 + Level 5.3 Conjurations
 + Level 9.4 Hexes
 + Level 8.7 Translocations
 + Level 8.0 Transmutations
 + Level 6.0 Ice Magic
 + Level 5.7 Earth Magic
 - Level 2.0 Invocations


You had 10 spell levels left.
You knew the following spells:

 Your Spells              Type           Power        Failure   Level  Hunger
a - Corona                Hex            #####..      1%          1    None
b - Ensorcelled Hibernat  Hex/Ice        #####.       1%          2    None
c - Confuse               Hex            #####...     1%          3    None
d - Tukima's Dance        Hex            #####...     1%          3    None
e - Dazzling Spray        Conj/Hex       #####...     1%          3    None
f - Gell's Gravitas       Hex/Tloc       #####.....   1%          3    None
g - Petrify               Trmt/Erth      #####...     4%          4    #......
h - Metabolic Englaciati  Hex/Ice        #####.....   10%         5    ####...


Dungeon Overview and Level Annotations

Branches:
Dungeon (1/1)

Altars:
Cheibriados
Dithmenos
Elyvilon
Fedhas
Gozag
Kikubaaqudgha
Makhleb
Nemelex Xobeh
Okawaru
Qazlal
Ru
Sif Muna
Trog
Vehumet
Xom
Yredelemnul
Zin
The Shining One
Jiyva
Lugonu


Innate Abilities, Weirdness & Mutations

You are tiny and cannot use many weapons and most armour.
You have supernaturally acute eyesight.
You are a herbivore.
You cover ground extremely quickly.
You need consume almost no food.
You are partially covered in molten scales (AC +1).
You can breathe flames.
You possess an exceptional clarity of mind.
You evolve.


Message History

Casting: Dazzling Spray
Confirm with . or Enter, or press ? or * to list all spells.
Aiming: Dazzling Spray
Press: ? - help, Shift-Dir - straight line, f/p - spriggan druid
Aim: a spriggan druid, wielding a quarterstaff and wearing a robe (heavily wounded, blind, umbra)
The spray of energy hits the spriggan.
The spriggan is severely wounded.
The spriggan shoots a needle of paralysis.
The needle of paralysis hits you.
You suddenly lose the ability to move!
The spriggan druid gestures at you while chanting.
Helpless, you fail to dodge the stone arrow.
Ouch! That really hurt!
You emit a cloud of dark smoke.
The spriggan druid casts a spell.
The spriggan druid is healed somewhat.
The spriggan druid is no longer blind.
The spriggan druid hits you with a quarterstaff!
* * * LOW HITPOINT WARNING * * *
The spriggan druid hits you with a quarterstaff!
You die...

+♣♣%♣≈≈≈≈≈≈≈≈≈≈≈≈♣♣P.'.......#.
#.≈♣♣♣♣♣♣♣♣♣♣♣♣♣♣♣♣PP#.......##
#..♣♣ ♣♣♣##+######
###'♣♣♣♣♣♣♣♣♣♣♣♣♣♣♣
♣♣♣♣†##..##≈≈≈≈≈≈..#
♣†..##%##.#≈≈≈§§§..#
♣♣.##%##.##'≈§§≈§####+#
♣..#.##..)#≈≈§§§..§§§#
♣♣.##.##..#≈§§@#####
♣♣.##.#####.§§#iii...#
♣†....##†.....#♣♣♣%_.#
########+###### ##


You could see a spriggan druid and 2 spriggans.

Vanquished Creatures
  Maud (D)
  2 hydras (D)
  Erolcha (D)
  A death drake (D)
  A lindwurm (D)
  2 spiny frogs (D)
  A komodo dragon (D)
  A queen bee (D)
  A deep elf priest (D)
  3 wandering mushrooms (D)
  2 trapdoor spiders (D)
  4 redbacks (D)
  A shadow (D)
  2 hill giants (D)
  A spatial vortex (D)
  A necrophage (D)
  3 two-headed ogres (D)
  2 brain worms (D)
  A water elemental (D)
  32 killer bees (D)
  An electric eel (D)
  A jelly (D)
  Crazy Yiuf (D)
  Jessica (D)
  A wizard (D)
  A necromancer (D)
  A kobold demonologist (D)
  3 humans (D)
  2 oozes (D)
  A rat (D)
76 creatures vanquished.

Vanquished Creatures (others)
  2 draconian scorchers (D)
  2 yaktaurs (D)
  3 plants (D)
7 creatures vanquished.

Grand Total: 83 creatures vanquished

Notes
Turn   | Place    | Note
--------------------------------------------------------------
     0 | D        | Kidiri the Spriggan Enchanter began the quest for the Orb.
     0 | D        | Reached XP level 1. HP: 9/9 MP: 5/5
    12 | D        | Killed a yaktaur
    13 | D        | Reached skill level 5 in Stealth
    13 | D        | Reached XP level 2. HP: 14/14 MP: 5/7
    17 | D        | Learned a level 2 spell: Ensorcelled Hibernation
    43 | D        | Noticed Jessica
    45 | D        | Killed Jessica
    45 | D        | Reached skill level 1 in Fighting
    45 | D        | Reached skill level 1 in Armour
    45 | D        | Reached skill level 6 in Stealth
    45 | D        | Reached XP level 3. HP: 18/18 MP: 7/9
    56 | D        | Learned a level 3 spell: Confuse
    60 | D        | Learned a level 3 spell: Dazzling Spray
   103 | D        | Reached skill level 5 in Dodging
   103 | D        | Reached skill level 1 in Ice Magic
   185 | D        | Killed a white draconian scorcher
   274 | D        | Killed a white draconian scorcher
   339 | D        | Noticed Crazy Yiuf
   385 | D        | Killed Crazy Yiuf
   385 | D        | Reached skill level 7 in Stealth
   385 | D        | Reached XP level 4. HP: 23/23 MP: 7/11
   419 | D        | Learned a level 3 spell: Tukima's Dance
   424 | D        | Gained mutation: You are partially covered in molten scales (AC +1). [potion of mutation]
   424 | D        | Gained mutation: You are dopey. (Int -2) [potion of mutation]
   424 | D        | Gained mutation: You possess an exceptional clarity of mind. [potion of mutation]
   425 | D        | Gained mutation: You can breathe flames. [potion of mutation]
   425 | D        | Gained mutation: You evolve. [potion of mutation]
   447 | D        | Noticed a water elemental
   449 | D        | Killed a water elemental
   449 | D        | Reached skill level 5 in Spellcasting
   449 | D        | Reached skill level 1 in Conjurations
   449 | D        | Reached XP level 5. HP: 26/26 MP: 12/14
   467 | D        | Noticed a jelly
   468 | D        | Noticed a shadow
   470 | D        | Killed a shadow
   470 | D        | Reached skill level 5 in Short Blades
   470 | D        | Reached skill level 9 in Stealth
   470 | D        | Reached skill level 5 in Hexes
   470 | D        | Reached XP level 6. HP: 30/32 MP: 14/16
   474 | D        | Killed a jelly
   486 | D        | Found a stormy altar of Qazlal.
   487 | D        | Found a sacrificial altar of Ru.
   487 | D        | Found a burning altar of Makhleb.
   487 | D        | Found a viscous altar of Jiyva.
   487 | D        | Found a shimmering altar of Xom.
   487 | D        | Found a shadowy altar of Dithmenos.
   487 | D        | Found a sparkling altar of Nemelex Xobeh.
   487 | D        | Found a corrupted altar of Lugonu.
   487 | D        | Found an opulent altar of Gozag.
   487 | D        | Noticed a spatial vortex
   491 | D        | Became a worshipper of Dithmenos the Shadowed
   506 | D        | Killed a spatial vortex
   506 | D        | Reached skill level 1 in Invocations
   611 | D        | Found a radiant altar of Vehumet.
   612 | D        | Found a deep blue altar of Sif Muna.
   612 | D        | Found an ancient bone altar of Kikubaaqudgha.
   612 | D        | Noticed a wizard
   617 | D        | Reached skill level 10 in Stealth
   619 | D        | Killed a wizard
   619 | D        | Reached * piety under Dithmenos
   640 | D        | Learned a level 3 spell: Gell's Gravitas
   645 | D        | Learned a level 4 spell: Petrify
   675 | D        | Found a glowing silver altar of Zin.
   676 | D        | Found a glowing golden altar of the Shining One.
   676 | D        | Found a white marble altar of Elyvilon.
   676 | D        | Noticed a deep elf priest
   678 | D        | Killed a deep elf priest
   678 | D        | Reached skill level 1 in Translocations
   678 | D        | Reached skill level 1 in Transmutations
   678 | D        | Reached skill level 1 in Earth Magic
   678 | D        | Reached XP level 7. HP: 36/36 MP: 17/19
   695 | D        | Found an iron altar of Okawaru.
   696 | D        | Found a bloodstained altar of Trog.
   696 | D        | Noticed a human
   696 | D        | Noticed a human
   698 | D        | Killed a human
   699 | D        | Killed a human
   699 | D        | Reached ** piety under Dithmenos
   699 | D        | Reached skill level 10 in Dodging
   699 | D        | Reached skill level 11 in Stealth
   723 | D        | Found a snail-covered altar of Cheibriados.
   723 | D        | Noticed a necrophage
   724 | D        | Found a basalt altar of Yredelemnul.
   724 | D        | Found a blossoming altar of Fedhas.
   724 | D        | Noticed a necromancer
   727 | D        | Killed a necromancer
   737 | D        | Killed a necrophage
   737 | D        | Reached XP level 8. HP: 42/42 MP: 6/21
   833 | D        | Learned a level 5 spell: Metabolic Englaciation
   870 | D        | Noticed a two-headed ogre
   870 | D        | Noticed a two-headed ogre
   870 | D        | Killed a yaktaur
   874 | D        | Killed a two-headed ogre
   884 | D        | Killed a two-headed ogre
   884 | D        | Reached *** piety under Dithmenos
   885 | D        | Noticed a two-headed ogre
   892 | D        | Noticed a hill giant
   896 | D        | Killed a two-headed ogre
   902 | D        | Killed a hill giant
   921 | D        | Noticed a hill giant
   921 | D        | Noticed Erolcha
   923 | D        | Killed a hill giant
   925 | D        | Killed Erolcha
   925 | D        | Reached **** piety under Dithmenos
   925 | D        | Reached skill level 12 in Stealth
   925 | D        | Reached XP level 9. HP: 46/46 MP: 13/23
   978 | D        | Noticed a redback
   983 | D        | Killed a redback
   983 | D        | Reached skill level 5 in Translocations
  1027 | D        | Noticed a trapdoor spider
  1033 | D        | Noticed a trapdoor spider
  1042 | D        | Killed a trapdoor spider
  1042 | D        | Reached skill level 10 in Spellcasting
  1042 | D        | Reached skill level 5 in Transmutations
  1044 | D        | Killed a trapdoor spider
  1105 | D        | Noticed a killer bee
  1105 | D        | Noticed a killer bee
  1105 | D        | Noticed a killer bee
  1106 | D        | Noticed a killer bee
  1106 | D        | Noticed a killer bee
  1106 | D        | Noticed a killer bee
  1106 | D        | Noticed a killer bee
  1106 | D        | Noticed a killer bee
  1106 | D        | Noticed a killer bee
  1106 | D        | Noticed a killer bee
  1106 | D        | Noticed a killer bee
  1106 | D        | Noticed a killer bee
  1106 | D        | Noticed a killer bee
  1106 | D        | Noticed a killer bee
  1106 | D        | Noticed a killer bee
  1106 | D        | Noticed a killer bee
  1106 | D        | Noticed a killer bee
  1106 | D        | Noticed a killer bee
  1106 | D        | Noticed a killer bee
  1106 | D        | Noticed a killer bee
  1106 | D        | Noticed a killer bee
  1106 | D        | Noticed a killer bee
  1106 | D        | Noticed a killer bee
  1106 | D        | Noticed a killer bee
  1106 | D        | Noticed a killer bee
  1106 | D        | Noticed a killer bee
  1106 | D        | Noticed a killer bee
  1106 | D        | Noticed a killer bee
  1106 | D        | Noticed a killer bee
  1106 | D        | Noticed a queen bee
  1106 | D        | Noticed a killer bee
  1106 | D        | Noticed a killer bee
  1106 | D        | Noticed a killer bee
  1119 | D        | Killed a killer bee
  1123 | D        | Killed a killer bee
  1125 | D        | Killed a killer bee
  1125 | D        | Reached skill level 13 in Stealth
  1127 | D        | Killed a killer bee
  1127 | D        | Reached ***** piety under Dithmenos
  1131 | D        | Killed a killer bee
  1133 | D        | Killed a killer bee
  1135 | D        | Killed a killer bee
  1274 | D        | Killed a killer bee
  1276 | D        | Killed a killer bee
  1280 | D        | Killed a killer bee
  1282 | D        | Killed a killer bee
  1284 | D        | Killed a killer bee
  1285 | D        | Killed a killer bee
  1287 | D        | Killed a killer bee
  1288 | D        | Killed a killer bee
  1289 | D        | Killed a killer bee
  1294 | D        | Killed a killer bee
  1420 | D        | Killed a killer bee
  1420 | D        | Reached ****** piety under Dithmenos
  1425 | D        | Killed a killer bee
  1426 | D        | Killed a killer bee
  1432 | D        | Killed a killer bee
  1554 | D        | Lost mutation: You are dopey. (Int -2) [evolution]
  1564 | D        | Killed a killer bee
  1567 | D        | Killed a killer bee
  1569 | D        | Killed a killer bee
  1570 | D        | Killed a killer bee
  1581 | D        | Killed a killer bee
  1581 | D        | Reached skill level 5 in Ice Magic
  1592 | D        | Killed a killer bee
  1600 | D        | Killed a queen bee
  1600 | D        | Reached skill level 5 in Fighting
  1600 | D        | Reached XP level 10. HP: 49/51 MP: 7/25
  1643 | D        | Killed a killer bee
  1695 | D        | Killed a killer bee
  1699 | D        | Killed a killer bee
  1712 | D        | Killed a killer bee
  1713 | D        | Killed a killer bee
  1861 | D        | Noticed a wandering mushroom
  1862 | D        | Noticed a wandering mushroom
  1862 | D        | Noticed a wandering mushroom
  1863 | D        | Killed a wandering mushroom
  1865 | D        | Killed a wandering mushroom
  1866 | D        | Killed a wandering mushroom
  1866 | D        | Reached skill level 10 in Short Blades
  1866 | D        | Reached skill level 14 in Stealth
  1963 | D        | Noticed a spiny frog
  1963 | D        | Noticed a komodo dragon
  1963 | D        | Noticed a spiny frog
  1965 | D        | Killed a spiny frog
  1972 | D        | Killed a komodo dragon
  1972 | D        | Reached skill level 5 in Armour
  1977 | D        | Killed a spiny frog
  1977 | D        | Reached skill level 5 in Earth Magic
  2020 | D        | Noticed a redback
  2022 | D        | Killed a redback
  2023 | D        | Noticed a brain worm
  2026 | D        | Killed a brain worm
  2029 | D        | Noticed a brain worm
  2031 | D        | Killed a brain worm
  2034 | D        | Noticed a lindwurm
  2036 | D        | Noticed a redback
  2037 | D        | Killed a lindwurm
  2039 | D        | Killed a redback
  2043 | D        | Noticed a redback
  2044 | D        | Killed a redback
  2045 | D        | Noticed Maud
  2060 | D        | Killed Maud
  2060 | D        | Reached skill level 15 in Stealth
  2060 | D        | Reached skill level 5 in Conjurations
  2060 | D        | Reached XP level 11. HP: 53/56 MP: 21/28
  2093 | D        | Noticed an electric eel
  2094 | D        | Noticed a seven-headed hydra
  2094 | D        | Noticed a seven-headed hydra
  2096 | D        | Killed an electric eel
  2116 | D        | Killed a seven-headed hydra
  2130 | D        | Killed a seven-headed hydra
  2201 | D        | Noticed a death drake
  2204 | D        | Killed a death drake
  2211 | D        | Found a blossoming altar of Fedhas.
  2211 | D        | Noticed a spriggan
  2211 | D        | Noticed a spriggan druid
  2211 | D        | Noticed a spriggan
  2213 | D        | Paralysed by a spriggan for 6 turns
  2218 | D        | Slain by a spriggan druid

Vault maps used:
D:        dungeon_sprint_mu

Action                   |  1- 3 |  4- 6 |  7- 9 | 10-12 || total
-------------------------+-------+-------+-------+-------++-------
Melee: Dagger            |    24 |    15 |    87 |    45 ||   171
 Cast: Ensorcelled Hiber |     2 |     1 |    25 |    11 ||    39
       Dazzling Spray    |     1 |     7 |    24 |     6 ||    38
       Corona            |     1 |       |       |       ||     1
       Confuse           |       |       |     4 |     1 ||     5
       Metabolic Englaci |       |       |     1 |       ||     1
       Tukima's Dance    |       |       |       |     1 ||     1
Invok: Shadow Step       |       |       |     1 |     4 ||     5
  Use: Scroll            |       |     3 |       |       ||     3
       Potion            |       |     2 |       |       ||     2
 Stab: Sleeping          |     4 |     5 |    21 |    16 ||    46
       Invisible         |       |     1 |     9 |     4 ||    14
       Confused          |       |       |     3 |     4 ||     7
       Held in net/web   |       |       |     1 |       ||     1
